 Dungeon Crawl Stone Soup version 0.29.1-13-g9f3cf754e1 (webtiles) character file.

Game seed: 15132309260552719144

243 Thatpatchoflichen the Insei (level 6, -1/41 HPs)
             Began as an Octopode Transmuter on Jan 25, 2023.
             Slain by Duvessa
             ... wielding a +3 rapier of freezing
              (3 damage)
             ... on level 4 of the Dungeon.
             The game lasted 00:07:32 (4986 turns).

Thatpatchoflichen the Insei (Octopode Transmuter)   Turns: 4986, Time: 00:07:33

Health: -1/41      AC:  1    Str:  9    XL:     6   Next: 9%
Magic:  8/10       EV: 14    Int: 17    God:
Gold:   120        SH:  0    Dex: 13    Spells: 7/10 levels left

rFire   . . .      SeeInvis +     - Unarmed
rCold   . . .      Faith    .   (no shield)
rNeg    . . .      Spirit   .   (helmet restricted)
rPois   .          Reflect  .   (no amulet)
rElec   .          Harm     .   s - ring of see invisible
rCorr   .          Rampage  .   (no ring)
Will    .....                   (no ring)
Stlth   +++.......              (no ring)
HPRegen 0.13/turn               (no ring)
MPRegen 0.12/turn               (no ring)
                                (no ring)
                                (no ring)

@: wereblooded
A: almost no armour, amphibious, 8 rings, camouflage 1, gelatinous body 1,
(nimble swimmer 1), tentacles
a: no special abilities


You were on level 4 of the Dungeon.
You visited 1 branch of the dungeon, and saw 4 of its levels.

You collected 120 gold pieces.

Inventory:

Missiles
 j - 6 poisoned darts
 n - 3 boomerangs
Jewellery
 s - a ring of see invisible (left tentacle)
Scrolls
 c - a scroll of noise {unknown}
 d - 2 scrolls of vulnerability {unknown}
 e - 3 scrolls of magic mapping {unknown}
 f - 3 scrolls of identify {unknown}
 g - 2 scrolls of brand weapon {unknown}
 h - a scroll of enchant weapon {unknown}
 k - a scroll of fog {unknown}
 o - a scroll of amnesia {unknown}
Potions
 b - 3 potions of degeneration {unknown}
 i - a potion of berserk rage {unknown}
 l - 2 potions of curing
 m - a potion of flight {unknown}
 p - a potion of might {unknown}
 q - a potion of invisibility {unknown}
 r - a potion of magic {unknown}


   Skills:
 + Level 2.5 Fighting
 + Level 3.1 Dodging
 + Level 3.1 Stealth
 + Level 3.8 Unarmed Combat
 + Level 2.9 Spellcasting
 + Level 2.9 Transmutations


You had 7 spell levels left.
You knew the following spells:

 Your Spells              Type           Power      Damage    Failure   Level
a - Beastly Appendage     Tmut           24%        N/A       5%          1
b - Wereblood             Tmut           12%        N/A       8%          2

Your spell library contained the following spells:

 Spells                   Type           Power      Damage    Failure   Level
 Sting                    Tmut/Pois      28%        1d4       10%         1
 Passwall                 Tmut/Erth      5%         N/A       14%         2
 Ensorcelled Hibernation  Hex/Ice        4%         N/A       26%         2
 Poisonous Vapours        Pois/Air       4%         N/A       26%         2
 Spider Form              Tmut/Pois      7%         N/A       28%         3
 Swiftness                Air            2%         N/A       47%         3
 Ice Form                 Ice/Tmut       7%         N/A       67%         4
 Olgreb's Toxic Radiance  Pois           2%         N/A       87%         4


Dungeon Overview and Level Annotations

Branches:
Dungeon (4/15)
 Temple: D:4-7

Altars:
Qazlal

Shops:
D:3 (:

Annotations:
D:4 Duvessa


Innate Abilities, Weirdness & Mutations

You cannot wear most types of armour.
You are amphibious.
You can wear up to eight rings at the same time.
Your skin changes colour to match your surroundings (Stealth+).
Your rubbery body absorbs attacks. (AC +1, EV +1)
((You are camouflaged when in or above water. (Stealth+)))
You have tentacles for arms and can constrict up to eight enemies at once.


Message History

You feel very sick.
Your Dodging skill increases to level 3!
Your Stealth skill increases to level 3!
You have reached level 6!
Your tentacle spike disappears.
You turn into a tree.
Your roots penetrate the ground.
* * * LOW HITPOINT WARNING * * *
You feel sick.
There is a lethal amount of poison in your body!
You cannot move.
It was a potion of curing.
You feel better.
You cannot move.
You cannot move.
You cannot move.
You cannot move.
You cannot move.
You creak as the wereblood boils in your veins!
Your transformation is almost over.
Your primal bloodlust is almost over.
You creak as the wereblood boils in your veins!
Your primal bloodlust has ended.
You feel less wooden.
Magic restored.
Duvessa, Sister of Dowan comes into view.
She is wielding a +3 rapier of freezing.
Duvessa is nearby!
Duvessa is nearby!
Duvessa attacks as you move away!
Duvessa hits you with a +3 rapier of freezing!
Duvessa freezes you.
Casting: Beastly Appendage (safe; 5% risk of failure)
Confirm with . or Enter, or press ? or * to list all spells.
Your blood is infused with primal strength.
Duvessa hits you with a +3 rapier of freezing!
Duvessa freezes you.
* * * LOW HITPOINT WARNING * * *
You barely miss Duvessa. Your grab misses Duvessa. Your squeeze misses Duvessa.
Duvessa hits you with a +3 rapier of freezing!
* * * LOW HITPOINT WARNING * * *
Duvessa freezes you.
You die...

#### #.. #.# #### ##
########.# #.. ..
#........# #.# .#.#
#†#####.÷#######.##.....
###.#####.......@e.....#
#####
.......##.########.###.#
.... ###.##.##.#
#.......# ... #
#.##.##.# #.####### #. #
#.......# #.# #.
######.##### ... #.
#..........# ... #.....
........##.# ... #.##..
........# #...# #..


You could see Duvessa.

Vanquished Creatures
  A scorpion (D:4)
  Natasha (thrice) (D:3)
  4 adders
  2 worms
  5 orcs (D:3)
  2 endoplasms
  2 giant cockroaches
  2 goblins
  7 hobgoblins
  12 jackals
  A quokka (D:1)
  4 ball pythons
  5 bats
  2 frilled lizards
  5 kobolds
  2 rats (D:1)
59 creatures vanquished.

Notes
Turn   | Place    | Note
-------+----------+-------------------------------------------
     0 | D:1      | Thatpatchoflichen the Octopode Transmuter began the quest
                  | for the Orb.
     0 | D:1      | Reached XP level 1. HP: 13/13 MP: 3/3
   429 | D:1      | Reached XP level 2. HP: 12/18 MP: 5/5
   979 | D:1      | Learned a level 2 spell: Wereblood
  1359 | D:1      | Reached skill level 1 in Stealth
  1455 | D:1      | Reached XP level 3. HP: 15/23 MP: 6/6
  2600 | D:2      | Found a stormy altar of Qazlal.
  2712 | D:2      | Identified the +2 dagger of the Parsimonious God {vorpal,
                  | rN+ Int+3}
  2772 | D:2      | Reached XP level 4. HP: 24/29 MP: 5/7
  2956 | D:2      | Found a faded altar of an unknown god.
  3220 | D:3      | Identified the +1 pair of gloves of the King of the Hill
                  | {Will+}
  3333 | D:3      | Found Achargh's Weapon Emporium.
  3508 | D:3      | Noticed Natasha
  3519 | D:3      | Killed Natasha
  3829 | D:3      | Noticed Natasha
  3837 | D:3      | Killed Natasha
  3838 | D:3      | Reached XP level 5. HP: 17/34 MP: 4/8
  4147 | D:3      | Found Taaleraa's Book Emporium.
  4179 | D:3      | Noticed Natasha
  4189 | D:3      | Killed Natasha
  4726 | D:4      | Reached XP level 6. HP: 4/41 MP: 6/10
  4978 | D:4      | Noticed Duvessa
  4986 | D:4      | HP: 2/41 [Duvessa/+3 rapier of freezing (10)]
  4986 | D:4      | Slain by Duvessa

Illustrated notes

Levels and vault maps discovered:
D:1:      sevenhm_arrival_forest_fort_small_6, layout_basic
D:2:      layout_basic, basic_altar, shapermc_ecumenical_altar_ellora
D:3:      layout_rooms, serial_shops, nicolae_shop_statue_plus, shop,
          minmay_misc_feat_encased, grunt_decor_fettered, uniq_natasha
D:4:      layout_loops_cross, minmay_manual_mares, uniq_duvessa

Skill      XL: |  1  2  3  4  5 |
---------------+----------------+-----
Stealth        | 1 2 3 |  3.1
Fighting       | 2 |  2.5
Dodging        | 3 |  3.1
Unarmed Combat | |  3.8
Spellcasting   | |  2.9
Transmutations | |  2.9

Action                   |  1- 3 |  4- 6 || total
-------------------------+-------+-------++-------
Melee: Unarmed           |   103 |    64 ||   167
       Constrict         |    31 |    18 ||    49
       Tentacles         |    26 |    16 ||    42
       Punch             |     6 |     1 ||     7
       Kick              |     7 |    10 ||    17
 Cast: Beastly Appendage |     2 |     5 ||     7
       Wereblood         |       |     5 ||     5
  Use: Potion            |       |     2 ||     2
 Stab: Sleeping          |     3 |     1 ||     4
Armor: Skin              |    15 |     5 ||    20
Dodge: Dodged            |   111 |    35 ||   146
